 Dungeon Crawl Stone Soup version 0.22.0-27-ga576289 (webtiles) character file.

1185 Faca the Spear-Bearer (level 8, -4/68 HPs)
             Began as a Merfolk Gladiator on Aug 21, 2018.
             Slain by Prince Ribbit (6 damage)
             ... on level 5 of the Dungeon.
             The game lasted 00:17:28 (5861 turns).

Faca the Spear-Bearer (Merfolk Gladiator)           Turns: 5861, Time: 00:17:28

Health: -4/68      AC: 15    Str: 14    XL:     8   Next: 42%
Magic:  8/8        EV: 13    Int:  7    God:
Gold:   281        SH:  0    Dex: 24    Spells: 7/7 levels left

rFire    . . .     SeeInvis .   a - +0 trident
rCold    + . .     Gourm    .   (no shield)
rNeg     . . .     Faith    .   y - +2 ring mail {rC+}
rPois    +         Spirit   .   n - +4 helmet "Umufeps" {rCorr Dex+3}
rElec    .         Reflect  .   (no cloak)
rCorr    +         Harm     .   l - +2 pair of gloves
MR       .....                  (no boots)
Stlth    +.........             (no amulet)
HPRegen  0.21/turn              m - +3 ring of dexterity
MPRegen  0.11/turn              t - ring of poison resistance

@: no status effects
A: change form in water, swift swim, stealthy swim
a: no special abilities


You were on level 5 of the Dungeon.
You were not hungry.

You visited 1 branch of the dungeon, and saw 5 of its levels.

You collected 281 gold pieces.

Inventory:

Hand Weapons
 a - a +0 trident (weapon)
 k - a +0 halberd
Missiles
 w - 2 tomahawks (quivered)
Armour
 l - a +2 pair of gloves (worn)
 n - the +4 helmet "Umufeps" (worn) {rCorr Dex+3}
   (You took it off Robin on level 2 of the Dungeon)

   It affects your dexterity (+3).
   It provides partial protection from all sources of acid and corrosion.
 y - a +2 ring mail of cold resistance (worn)
Jewellery
 j - a +4 amulet of reflection {unknown}
 m - a +3 ring of dexterity (left hand)
 t - a ring of poison resistance (right hand)
 u - an uncursed amulet of faith
Scrolls
 i - a scroll of teleportation
 x - 2 scrolls of immolation
Potions
 b - 3 potions of flight
 c - a potion of heal wounds {unknown}
 d - a potion of lignification {unknown}
 e - 3 potions of curing
 g - a potion of ambrosia {unknown}
 h - a potion of magic {unknown}
 o - a potion of cancellation {unknown}
 z - a potion of haste {unknown}
Comestibles
 f - 5 rations


   Skills:
 + Level 7.9 Fighting
 + Level 10.7 Polearms
 - Level 2.0 Throwing
 - Level 4.0 Dodging


You had 7 spell levels left.
You didn't know any spells.
Your spell library was empty.

Dungeon Overview and Level Annotations

Branches:
Dungeon (5/15)
 Temple: D:4-7

Altars:
Ashenzari
Hepliaklqana
Makhleb
Trog
Wu Jian
Zin
The Shining One
Beogh

Annotations:
D:3 Edmund
D:4 3 runed doors, zhngchq's ghost, amateur DDFi
D:5 Prince Ribbit


Message History

The sky beast flickers out of sight!
Deactivating autopickup; reactivate with Ctrl-A.
The bullfrog zombie hits you but does no damage.
Prince Ribbit blinks!
Prince Ribbit blinks!
Prince Ribbit blinks!
The bullfrog zombie hits you.
* * * LOW HITPOINT WARNING * * *
A sky beast appears from thin air!
Reactivating autopickup.
The bullfrog zombie closely misses you.
Prince Ribbit hits you but does no damage.
The crimson imp blinks!
The bullfrog zombie misses you. Prince Ribbit hits you!
* * * LOW HITPOINT WARNING * * *
The sky beast hits you but does no damage.
You see here the +6 shillelagh "Devastator" {shatter}.
The sky beast flickers out of sight!
Deactivating autopickup; reactivate with Ctrl-A.
Prince Ribbit hits you.
You die...

...........[..[..................
#....................5##...##....
#.#....................#...##....
.............<#........#...##.Z..
.......(.....รทรท..................
.. ...........................
##########)...#.#..........
#FZ..#............ #@.......
#........ #....#### #....# #....#
#....# ###.## #.# #.#


You could see Prince Ribbit, a crimson imp and a bullfrog zombie.

Vanquished Creatures
  Sigmund (D:3)
  An orc warrior (D:4)
  An ice beast (D:5)
  3 ogres
  2 scorpions
  A crimson imp (D:4)
  A hound (D:4)
  Terence (D:3)
  2 orc wizards (D:4)
  Natasha (twice) (D:3)
  2 worker ants
  Robin (D:2)
  4 gnolls (D:2)
  7 adders
  A shadow imp (D:5)
  A worm (D:4)
  3 dart slugs
  5 leopard geckos
  13 orcs
  8 bats
  3 giant cockroaches
  15 goblins
  16 hobgoblins
  7 jackals
  8 kobolds
  3 quokkas
  2 ball pythons
  6 frilled lizards
  4 rats
124 creatures vanquished.

Notes
Turn   | Place    | Note
-------+----------+-------------------------------------------
     0 | D:1      | Faca the Merfolk Gladiator began the quest for the Orb.
     0 | D:1      | Reached XP level 1. HP: 16/16 MP: 1/1
   187 | D:1      | Reached XP level 2. HP: 23/23 MP: 2/2
   195 | D:1      | Reached skill level 5 in Polearms
   267 | D:1      | Reached XP level 3. HP: 27/29 MP: 3/3
   894 | D:2      | Found a shattered altar of Ashenzari.
   916 | D:2      | Found a glowing golden altar of the Shining One.
   917 | D:2      | Found a burning altar of Makhleb.
   917 | D:2      | Found a glowing silver altar of Zin.
   919 | D:2      | Found a hazy altar of Hepliaklqana.
   963 | D:2      | Reached XP level 4. HP: 26/36 MP: 4/4
   972 | D:2      | Reached skill level 6 in Polearms
  1280 | D:2      | Noticed Robin
  1306 | D:2      | Killed Robin
  1318 | D:2      | Reached XP level 5. HP: 41/42 MP: 5/5
  1330 | D:2      | Got a faintly humming helmet
  1341 | D:2      | Identified the +4 helmet "Umufeps" {rCorr Dex+3} (You took it off Robin on level 2 of the Dungeon)
  1854 | D:3      | Noticed Natasha
  1865 | D:3      | Killed Natasha
  1960 | D:3      | Noticed Terence
  1971 | D:3      | Killed Terence
  1971 | D:3      | Reached skill level 7 in Polearms
  2001 | D:3      | Noticed Natasha
  2019 | D:3      | Killed Natasha
  2307 | D:3      | Noticed Sigmund
  2314 | D:3      | Reached XP level 6. HP: 50/50 MP: 6/6
  2370 | D:2      | Reached skill level 5 in Fighting
  2611 | D:3      | Found a bloodstained altar of Trog.
  2943 | D:4      | Reached skill level 8 in Polearms
  3236 | D:4      | Noticed Edmund
  3608 | D:3      | Killed Sigmund
  3608 | D:3      | Reached XP level 7. HP: 33/58 MP: 7/7
  4121 | D:4      | Found an ornate altar of the Wu Jian Council.
  4154 | D:4      | Reached skill level 9 in Polearms
  4455 | D:4      | Found a runed gate.
  4455 | D:4      | Found a runed gate.
  4457 | D:4      | Noticed zhngchq's ghost (amateur DDFi)
  4458 | D:4      | Found a runed gate.
  4461 | D:4      | Found a roughly hewn altar of Beogh.
  4727 | D:4      | Found the +6 shillelagh "Devastator" {shatter}
  4953 | D:5      | Entered Level 5 of the Dungeon
  5376 | D:5      | Noticed Prince Ribbit
  5464 | D:5      | Reached skill level 10 in Polearms
  5464 | D:5      | Reached XP level 8. HP: 62/67 MP: 8/8
  5832 | D:5      | HP: 3/68 [Prince Ribbit (14)]
  5858 | D:5      | HP: 1/68 [Prince Ribbit (9)]
  5861 | D:5      | Slain by Prince Ribbit

Skill      XL: |  1  2  3  4  5  6  7 |
---------------+----------------------+-----
Polearms       | 5 6 7 8 10 | 10.7
Fighting       | 3 4 6 7 |  7.9
Throwing       | |  2.0
Dodging        | |  4.0

Action                   |  1- 3 |  4- 6 |  7- 9 || total
-------------------------+-------+-------+-------++-------
Melee: Trident           |   121 |   284 |   139 ||   544
       Unarmed           |       |     8 |       ||     8
       Shillelagh        |       |       |     5 ||     5
Throw: Throwing net      |       |     3 |     1 ||     4
       Tomahawk          |       |     1 |       ||     1
  Use: Scroll            |       |     9 |       ||     9
       Potion            |       |       |     1 ||     1
 Stab: Sleeping          |       |     2 |       ||     2
       Distracted        |       |     1 |       ||     1
       Held in net/web   |       |     1 |       ||     1
  Eat: Ration            |       |     2 |     2 ||     4
       Chunk             |       |     4 |     1 ||     5
Armor: Troll leather arm |    35 |    54 |       ||    89
       Leather armour    |     3 |       |       ||     3
       Ring mail         |       |     6 |    43 ||    49
Dodge: Dodged            |    67 |   129 |    75 ||   271
